 Dungeon Crawl Stone Soup version 0.24-a0-446-g87df7205b4 (webtiles) character file.

Game seed: 12625511646392268799

288 Gargoyl the Skirmisher (level 6, 0/52 HPs)
             Began as a Centaur Abyssal Knight on June 24, 2019.
             Was a Follower of Lugonu.
             Succumbed to a scorpion's poison
             ... on level 4 of the Dungeon.
             The game lasted 00:02:59 (1805 turns).

Gargoyl the Skirmisher (Centaur Abyssal Knight)     Turns: 1805, Time: 00:03:00

Health: 0/52       AC: 10    Str: 15    XL:     6   Next: 9%
Magic:  8/8        EV:  2    Int: 11    God:    Lugonu [*.....]
Gold:   53         SH:  0    Dex: 10    Spells: 5/5 levels left

rFire    . . .     SeeInvis .   a - +3 hand axe
rCold    . . .     Gourm    .   (no shield)
rNeg     . . .     Faith    .   d - +0 plate armour
rPois    .         Spirit   .   (no helmet)
rElec    .         Reflect  .   (no cloak)
rCorr    .         Harm     .   f - +0 pair of gloves
MR       .....                  (no barding)
Stlth    ..........             (no amulet)
HPRegen  0.17/turn              (no ring)
MPRegen  0.11/turn              (no ring)

@: lethally poisoned (0 -> -6), lightly drained, very quick
A: large, hooves 3, deformed body, speed 2, tough skin 3
a: Depart the Abyss, Renounce Religion


You were on level 4 of the Dungeon.
You worshipped Lugonu.
Lugonu was aware of your devotion.
You were not hungry.

You visited 1 branch of the dungeon, and saw 3 of its levels.
You visited the Abyss 1 time.

You collected 53 gold pieces.

Inventory:

Hand Weapons
 a - a +3 hand axe (weapon)
Armour
 d - a +0 plate armour (worn)
 f - a +0 pair of gloves (worn)
Potions
 e - a potion of cancellation
Comestibles
 c - 5 rations


   Skills:
 + Level 3.9(3.8) Fighting
 + Level 3.1(3.0) Axes
 * Level 3.0(2.9) Armour
 * Level 1.7(1.6) Dodging
 * Level 3.1(3.0) Invocations


You had 5 spell levels left.
You didn't know any spells.
Your spell library was empty.

Dungeon Overview and Level Annotations

Branches:
Dungeon (2/15)

Altars:


Innate Abilities, Weirdness & Mutations

You have hooves in place of feet.
Armour fits poorly on your strangely shaped body.
You cover ground very quickly.
You have extremely tough skin. (AC +3)


Message History

* * * LOW HITPOINT WARNING * * *
You are lethally poisoned!
The scorpion poisons you!
You closely miss the scorpion.
The scorpion is almost dead.
* * * LOW HITPOINT WARNING * * *
You feel sick. The scorpion stings you.
* * * LOW HITPOINT WARNING * * *
You hit the scorpion.
You kill the scorpion!
Lugonu accepts your kill.
Your base Armour skill increases to level 3!
You have reached level 6!
Your experience leads to an increase in your attributes!
Increase (S)trength, (I)ntelligence, or (D)exterity?
You feel agile.
* * * LOW HITPOINT WARNING * * *
You feel sick.
Okay, then.
You die...

#...# # ##†## .#
#.. #...#†#.# #
... #..##.).##
.#....
#..#.###.#.#....
#..#..##...#..#
#.......# #...###
######..##)......
#..@........
##.####..... #.#
... #.# . #.. ##.
##


There were no monsters in sight!

Vanquished Creatures
  2 scorpions (D:4)
  3 orc priests (D:1)
  An iguana (D:4)
  An orc wizard (D:1)
  3 adders
  A worm (D:1)
  3 leopard geckos (D:1)
  2 orcs
  A ball python (D:1)
  2 giant cockroaches (D:1)
  2 goblins (D:1)
  A hobgoblin (D:1)
  2 kobolds (D:1)
  A bat (D:1)
  2 frilled lizards (D:1)
  A jackal skeleton (D:4)
  5 rats
33 creatures vanquished.

Notes
Turn   | Place    | Note
-------+----------+-------------------------------------------
     0 | Abyss:1  | Gargoyl the Centaur Abyssal Knight began the quest for the
                  | Orb.
     0 | Abyss:1  | Reached XP level 1. HP: 19/19 MP: 2/2
    83 | Abyss:1  | Noticed a spatial vortex
   114 | Abyss:1  | Noticed an ancient zyme
   117 | Abyss:1  | Noticed a small abomination
   131 | Abyss:1  | Noticed a large abomination
   140 | Abyss:1  | Noticed a starcursed mass
   140 | Abyss:1  | Noticed a small abomination
   141 | D:1      | Escaped the Abyss
   327 | D:1      | Reached * piety under Lugonu
   518 | D:1      | Reached XP level 2. HP: 26/26 MP: 3/3
   945 | D:2      | Reached skill level 1 in Dodging
   956 | D:1      | Reached XP level 3. HP: 22/31 MP: 4/4
  1192 | D:1      | Reached XP level 4. HP: 17/39 MP: 5/5
  1403 | D:1      | HP: 1/40 [orc priest/nerve-wracking pain (11)]
  1409 | D:1      | Reached XP level 5. HP: 11/46 MP: 5/7
  1744 | D:2      | You fall into a shaft and drop 2 floors!
  1803 | D:4      | HP: 2/46 [scorpion (2)]
  1804 | D:4      | Reached XP level 6. HP: 2/52 MP: 8/8
  1805 | D:4      | Succumbed to a scorpion's poison

Levels and vault maps discovered:
D:1:      mrwooster_arrival_statue, layout_loops_ring
D:2:      layout_rooms
D:4:      minmay_chambers_of_threes, layout_rooms,
          minmay_temple_entry_proselytizer, minmay_pentomino_pile

Skill      XL: |  1  2  3  4  5 |
---------------+----------------+-----
Axes           | 2 3 |  3.1
Dodging        | 1 |  1.7
Armour         | 2 3 |  3.0
Invocations    | 3 |  3.1
Fighting       | |  3.9

Action                   |  1- 3 |  4- 6 || total
-------------------------+-------+-------++-------
Melee: Hand axe          |    72 |    56 ||   128
       Kick              |    14 |    12 ||    26
Invok: Depart the Abyss  |     1 |       ||     1
  Use: Potion            |     2 |     4 ||     6
       Scroll            |       |     5 ||     5
  Eat: Chunk             |       |     2 ||     2
Armor: Plate armour      |    61 |    46 ||   107
Dodge: Dodged            |     8 |     5 ||    13

Table legend:
 A = Non-vault XP
 B = Vault XP
 C = Vault XP percentage of total XP
 D = Non-vault monster count
 E = Vault monster count
 F = Vault count percentage of total count
                 A         B        C        D         E       F
            +---------+---------+-------+---------+---------+-------
      Total |     217 |     195 |  47.3 |      27 |       6 |  18.2
            +---------+---------+-------+---------+---------+-------
        D:1 |     210 |       0 |   0.0 |      24 |       0 |   0.0
        D:2 |       4 |       0 |   0.0 |       2 |       0 |   0.0
        D:4 |       3 |     195 |  98.5 |       1 |       6 |  85.7
            +---------+---------+-------+---------+---------+-------
